AoeStats
← luisangelesmor

Arabia

504384347Analyzed
4v4 RM · 29d ago on Sep 5, 2026· 58m 45s· 8 players
Game mode
Random Map
Map size
Large (8 player)
Population
200
Speed
Normal
Resources
Standard
Victory
Conquest
Starting age
Dark Age
Ending age
Imperial Age
RankedLock teamsTeams togetherTeam positionsShared explorationLock speedFull tech treeHidden civsTurbo modeCheats
Victory
Defeat
🇨🇱 Hindustanis · Chile
804
+18
🇺🇸 Byzantines · United States
762
+19
🇨🇱 Portuguese · Chile
753
+20
🇨🇱 Huns · Chile
702
+22
🇲🇽 Bohemians · Mexico
869
-21
🇲🇽 Armenians · Mexico
853
-20
🇲🇽 Portuguese · Mexico
837
-20
🇲🇽 Romans · Mexico
788
-18
redrazer7
1:09 Loom
13:00 Feudal Age
21:55 Castle Age
21:17 Double-Bit Axe
21:18 Horse Collar
21:07 Man-at-Arms
29:31 Long Swordsman
30:13 Squires
30:18 Husbandry
30:31 Forging
30:48 Bow Saw
30:56 Gold Mining
31:01 Stone Mining
33:07 Iron Casting
33:24 Heavy Plow
34:05 Scale Mail Armor
34:14 Scale Barding Armor
35:31 Chain Barding Armor
37:36 Gold Shaft Mining
37:40 Stone Shaft Mining
38:11 Wheelbarrow
43:52 Gambesons
43:53 Arson
44:28 Hand Cart
44:48 Scale Mail Armor
44:17 Light Cavalry
45:28 Pikeman
46:26 Chain Mail Armor
50:56 Caravan
58:16 Imperial Age
58:17 Cavalier
59:14 Logistica
59:27 Conscription
58:33 Elite Cataphract
titobr6
2:33 Loom
13:16 Feudal Age
15:26 Double-Bit Axe
17:47 Bloodlines
18:12 Horse Collar
21:40 Castle Age
20:06 Stone Mining
21:07 Forging
21:13 Gold Mining
23:11 Husbandry
26:33 Scale Barding Armor
30:06 Heavy Plow
30:49 Wheelbarrow
29:59 Town Watch
32:26 Hand Cart
34:41 Bow Saw
34:52 Caravan
39:14 Imperial Age
36:50 Light Cavalry
37:57 Chain Barding Armor
38:42 Fortified Wall
38:28 Murder Holes
38:54 Ballistics
39:40 Grand Trunk Road
40:27 Heavy Camel Rider
41:58 Imperial Camel Rider
43:41 Squires
43:29 Arson
43:47 Scale Mail Armor
44:25 Iron Casting
46:02 Chain Mail Armor
46:49 Blast Furnace
52:09 Elite Ghulam
56:50 Plate Barding Armor
56:54 Gold Shaft Mining
56:55 Stone Shaft Mining
armimen56
0:45 Loom
11:31 Feudal Age
12:28 Double-Bit Axe
17:48 Wheelbarrow
16:59 Horse Collar
22:50 Castle Age
21:46 Bloodlines
22:58 Pikeman
23:24 Gambesons
24:27 Bow Saw
25:28 Husbandry
27:00 Heavy Plow
29:41 Gold Mining
36:50 Imperial Age
34:24 Heavy Plow
35:38 Murder Holes
35:46 Caravan
38:39 Chemistry
38:00 Ballistics
38:23 Cavalier
39:16 Stone Mining
40:04 Conscription
41:20 Two-Man Saw
44:10 Stone Shaft Mining
44:02 Arquebus
45:03 Elite Organ Gun
46:00 Treadmill Crane
52:41 Scale Barding Armor
52:37 Scale Mail Armor
52:48 Forging
52:42 Halberdier
54:06 Circumnavigation
55:25 Coinage
55:06 Guilds
55:23 Fortified Wall
55:41 Chain Barding Armor
nachoo.monroy
0:41 Loom
14:07 Feudal Age
15:37 Wheelbarrow
16:37 Double-Bit Axe
16:35 Horse Collar
17:27 Town Watch
19:19 Gold Mining
19:24 Stone Mining
23:56 Castle Age
25:16 Bloodlines
27:34 Light Cavalry
28:17 Husbandry
33:14 Hand Cart
33:02 Town Patrol
33:43 Gold Shaft Mining
33:22 Bow Saw
33:17 Heavy Plow
35:35 Forging
35:31 Scale Barding Armor
35:51 Marauders
39:23 Imperial Age
38:46 Chain Barding Armor
39:03 Iron Casting
39:43 Masonry
41:25 Two-Man Saw
43:16 Parthian Tactics
42:59 Thumb Ring
43:06 Padded Archer Armor
42:57 Fletching
43:39 Conscription
43:50 Ballistics
44:32 Chemistry
43:48 Heavy Cavalry Archer
50:17 Elite Tarkan
DfrancoJ24
11:26 Feudal Age
12:09 Horse Collar
12:17 Double-Bit Axe
16:36 Wheelbarrow
21:52 Castle Age
21:25 Loom
23:22 Hand Cart
24:24 Bow Saw
24:05 Stone Mining
24:18 Heavy Plow
29:23 Scale Mail Armor
29:34 Forging
31:27 Gold Mining
35:21 Imperial Age
34:27 Pikeman
35:10 Squires
36:19 Iron Casting
36:00 Chain Mail Armor
35:37 Fletching
35:48 Padded Archer Armor
37:05 Gold Shaft Mining
36:52 Caravan
37:26 Coinage
36:33 Halberdier
38:38 Gambesons
39:57 Blast Furnace
39:28 Plate Mail Armor
39:14 Leather Archer Armor
38:54 Bodkin Arrow
39:24 Guilds
39:51 Banking
40:50 Conscription
41:14 Heavy Scorpion
41:30 Capped Ram
43:48 Bracer
44:35 Ring Archer Armor
45:52 Siege Ram
46:56 Murder Holes
47:15 Masonry
49:22 Elite Composite Bowman
BobbyTarantino
2:20 Loom
11:09 Feudal Age
12:04 Town Watch
15:10 Wheelbarrow
15:01 Double-Bit Axe
23:14 Castle Age
24:46 Town Patrol
25:02 Hand Cart
24:58 Pikeman
26:11 Squires
30:45 Scale Mail Armor
30:57 Forging
32:25 Horse Collar
32:57 Bow Saw
39:30 Imperial Age
40:12 Halberdier
48:19 Chain Mail Armor
48:40 Iron Casting
50:05 Two-Man Saw
55:55 Blast Furnace
PrimisBingus
13:48 Feudal Age
16:11 Double-Bit Axe
16:10 Horse Collar
18:17 Gold Mining
21:30 Fletching
22:19 Wheelbarrow
22:10 Padded Archer Armor
29:02 Castle Age
27:32 Stone Mining
35:49 Bow Saw
35:13 Pikeman
36:51 Heavy Plow
47:50 Crossbowman
luisangelesmor
10:04 Feudal Age
10:51 Feudal Age
9:08 Loom
12:18 Double-Bit Axe
18:47 Castle Age
17:07 Horse Collar
19:58 Man-at-Arms
21:00 Bow Saw
24:16 Forging
24:37 Long Swordsman
26:46 Gold Mining
35:31 Imperial Age
33:50 Iron Casting
33:43 Scale Mail Armor
39:11 Chain Mail Armor
39:38 Gold Shaft Mining
42:11 Legionary
43:43 Wheelbarrow
42:55 Heavy Scorpion
44:27 Elite Centurion
45:45 Ballistas
46:26 Scale Barding Armor
47:33 Ballistics
48:14 Chemistry
53:22 Heavy Plow
54:47 Caravan
55:17 Coinage
Connection lost

Rejoining the realm…

Still unreachable

The connection could not be restored.

Session expired

The server has moved on; the page needs a fresh start.